 Dungeon Crawl Stone Soup version 0.31.0-32-g396128a36d (webtiles) character file.

Game seed: 12191366211289260331

452 cdecastro the Trooper (level 6, -1/43 (56) HPs)
             Began as an Armataur Warper on Mar 20, 2024.
             Was a Follower of Okawaru.
             Slain by Edmund
             ... wielding a +1 flail of draining
              (3 damage)
             ... on level 3 of the Dungeon.
             The game lasted 00:07:02 (3393 turns).

cdecastro the Trooper (Armataur Warper)             Turns: 3393, Time: 00:07:05

HP:   -1/43 (56)    AC:  6    Str: 17    XL:     6   Next: 75%
MP:   6/8           EV:  8    Int: 15    God:    Okawaru [*.....]
Gold: 122           SH:  0    Dex:  9    Spells: 1/8 levels left

rFire   . . .        p - +1 dagger (venom)
rCold   . . .        (no shield)
rNeg    . . .        h - +0 ring mail
rPois   .            l - +0 helmet
rElec   .            (no cloak)
rCorr   .            (no gloves)
SInv    .            (no barding)
Will    .....        (no amulet) Stlth
                     (no ring)
HPRegen 0.27/turn    (no ring)
MPRegen 0.11/turn

%: roll
@: on blink cooldown, heavily drained
A: large, deformed body, tough skin 3, armoured tail, roll 1
a: Renounce Religion, Heroism


You were on level 3 of the Dungeon.
You worshipped Okawaru.
Okawaru was aware of your devotion.
You visited 1 branch of the dungeon, and saw 4 of its levels.
You also visited: Sewer.

You collected 122 gold pieces.

Inventory:

Hand Weapons
 a - a +0 mace
 p - a +1 dagger of venom (weapon)
 r - a +0 flail
Missiles
 d - 7 darts of dispersal (quivered)
Armour
 h - a +0 ring mail (worn)
 j - a +0 kite shield
 l - a +0 helmet (worn)
Magical Staves
 f - a staff of earth
Scrolls
 b - 3 scrolls of teleportation {unknown}
 c - 2 scrolls of blinking
 e - 4 scrolls of identify {unknown}
 n - 3 scrolls of fear {unknown}
 o - 3 scrolls of enchant armour {unknown}
Potions
 g - a potion of might {unknown}
 i - 2 potions of curing {unknown}
 k - 2 potions of degeneration {unknown}
 m - a potion of heal wounds {unknown}
 q - a potion of berserk rage {unknown}


   Skills:
 * Level 5.5 Fighting
 - Level 1.7 Maces & Flails
 - Level 0.8 Throwing
 - Level 1.2 Armour
 - Level 1.3 Dodging
 - Level 1.7 Spellcasting
 + Level 5.1 Translocations


You had one spell level left.
You knew the following spells:

 Your Spells              Type           Power      Damage    Failure   Level
a - Blink                 Tloc           32%        N/A       8%          2
b - Lesser Beckoning      Tloc           32%        N/A       8%          2
c - Gell's Gravitas       Tloc           16%        N/A       16%         3

Your spell library contained the following spells:

 Spells                   Type           Power      Damage    Failure   Level
 Foxfire                  Conj/Fire      4%         2x1d4     38%         1
 Magic Dart               Conj           4%         1d3       38%         1
 Shock                    Conj/Air       4%         1d3       38%         1
 Teleport Other           Tloc           16%        N/A       16%         3
 Manifold Assault         Tloc           16%        N/A       45%         4
 Ozocubu's Armour         Ice            1%         N/A       77%         3
 Swiftness                Air            1%         N/A       77%         3
 Vhi's Electric Charge    Tloc/Air       16%        N/A       83%         4
 Airstrike                Air            0%         2d(1-17)  99%         4
 Metabolic Englaciation   Hex/Ice        0%         N/A       100%        5
 Plasma Beam              Fire/Air       0%         2x1d10    100%        6
 Starburst                Conj/Fire      0%         6d3       100%        6
 Call Imp                 Summ           Unusable   N/A       N/A         2
 Sculpt Simulacrum        Ice/Alch       Unusable   N/A       N/A         6

Dungeon Overview and Level Annotations

Branches:
Dungeon (4/15)              Sewer (visited)
 Temple: D:4-7

Altars:
Okawaru

Annotations:
D:3 1 runed translucent door, Crazy Yiuf, Edmund


Innate Abilities, Weirdness & Mutations

Armour fits poorly on your strangely shaped body.
You have extremely tough skin. (AC +3)
You have a long armoured tail.
You regenerate magic when rolling toward enemies. (Rampage MPRegen)


Message History

You hit Edmund.
Edmund looks as sick as possible!
Edmund is heavily wounded.
The gnoll hits you from afar with a +0 halberd.
* * * LOW HITPOINT WARNING * * *
Edmund hits you with a +1 flail of draining.
* * * LOW HITPOINT WARNING * * *
You feel drained.
* * * LOW HITPOINT WARNING * * *
Edmund closely misses you.
You climb upwards.
Level annotation: 1 runed translucent door, Crazy Yiuf You feel like a meek peon again.
There is a stone staircase leading down, spattered with blood here.
Unknown command.
You hit Edmund but do no damage.
Edmund looks as sick as possible!
You tail-slap Edmund.
Edmund is heavily wounded.
Edmund hits you with a +1 flail of draining!
* * * LOW HITPOINT WARNING * * *
You feel drained.
* * * LOW HITPOINT WARNING * * *
You hit Edmund but do no damage.
Edmund looks as sick as possible!
Edmund is heavily wounded.
Edmund hits you with a +1 flail of draining.
* * * LOW HITPOINT WARNING * * *
You feel drained.
* * * LOW HITPOINT WARNING * * *
Unknown command.
Blink to where?
Press: ? - help, Dir - move target
Okay, then.
Unknown command.
Unknown command.
Cast which spell? (? or * to list)
You blink.
Edmund hits you with a +1 flail of draining.
* * * LOW HITPOINT WARNING * * *
You feel drained.
You die...
Edmund whines, "They better pay attention to me now!"

.##)##### #####.#
.##.....# #...#.#
#######.### ###.#.#
######...# #...#
#......#.######%..#
#......#...#.)...##
##......###....ยง#.###
.#......# ##..#@....##
........####<###@##..##
.#......##..># #......#
...........#####...####
#.######.........#.##
#.#.........######..###
..........#..######...##
#.#.......##......###..##
#.#.......#######....#..##
#............#######.##..#


You could see Edmund (extremely poisoned).

Vanquished Creatures
  Pargi (Sewer)
  A brain worm (Sewer)
  A gnoll bouda (D:4)
  Terence (D:3)
  7 gnolls
  8 adders
  3 dart slugs (D:1)
  4 orcs
  12 ball pythons
  5 bats
  6 endoplasms
  A giant cockroach (D:3)
  8 goblins
  10 hobgoblins
  3 jackals (D:2)
  4 kobolds
  A quokka (D:1)
  11 frilled lizards
  5 rats
92 creatures vanquished.

Notes
Turn   | Place    | Note
-------+----------+-------------------------------------------
     0 | D:1      | cdecastro the Armataur Warper began the quest for the Orb.
     0 | D:1      | Reached XP level 1. HP: 17/17 MP: 3/3
   247 | D:1      | Found a faded altar of an unknown god.
   263 | D:1      | Reached XP level 2. HP: 24/24 MP: 4/4
   265 | D:1      | Prayed at the altar of an unknown god.
   265 | D:1      | Became a worshipper of Warmaster Okawaru
   265 | D:1      | Reached * piety under Okawaru
   558 | D:1      | Reached XP level 3. HP: 29/30 MP: 5/5
  1126 | D:2      | Reached XP level 4. HP: 38/38 MP: 6/6
  1616 | D:3      | Found a glowing drain.
  1624 | Sewer    | Entered a sewer
  1624 | Sewer    | Noticed a brain worm
  1628 | Sewer    | Killed a brain worm
  1629 | Sewer    | Reached XP level 5. HP: 46/46 MP: 4/7
  1733 | Sewer    | Noticed Pargi
  1747 | Sewer    | Killed Pargi
  1748 | Sewer    | Reached XP level 6. HP: 35/55 MP: 6/8
  1941 | D:3      | Learned a level 2 spell: Blink
  1944 | D:3      | Learned a level 2 spell: Lesser Beckoning
  1948 | D:3      | Learned a level 3 spell: Gell's Gravitas
  2026 | D:3      | Noticed Terence
  2059 | D:3      | Killed Terence
  2060 | D:3      | Reached skill level 5 in Fighting
  2380 | D:3      | Found a runed translucent door.
  2381 | D:3      | Noticed Crazy Yiuf
  3112 | D:4      | Reached skill level 5 in Translocations
  3127 | D:4      | Identified the +2 robe of the Silversmith {rC+ Int-4 Dex+2}
  3186 | D:4      | Noticed Edmund
  3393 | D:3      | HP: 2/45 [Edmund/+1 flail of draining (6)]
  3393 | D:3      | Slain by Edmund

Illustrated notes

Levels and vault maps discovered:
D:1:      wander_arrival_desolate, layout_basic,
          chequers_ecumenical_altar_island, minmay_splitting_lines,
          minmay_tetromino_t2
D:2:      layout_rooms, serial_glass, glass_columns_a, glass_columns_b,
          kennysheep_generic_room_10
D:3:      layout_rooms, mainiacjoe_sewer_entry_somewhere_in_here_1,
          uniq_terence, uniq_crazy_yiuf_cottage
D:4:      layout_cave_pods, tso_oasis_becter, serial_shops, nicolae_shop_trees,
          nicolae_shop_getting_attention, shop, minmay_crystal_room,
          uniq_sigmund, uniq_edmund

Skill      XL: |  1  2  3  4  5  6 |
---------------+-------------------+-----
Fighting       | 2 3 4 5 |  5.5
Translocations | 4 5 |  5.1
Maces & Flails | |  1.7
Throwing       | |  0.8
Armour         | |  1.2
Dodging        | |  1.3
Spellcasting   | |  1.7

Action                     |  1- 3 |  4- 6 || total
---------------------------+-------+-------++-------
  Melee: Mace              |    93 |   121 ||   214
         Tailslap          |     8 |    28 ||    36
         Punch             |       |     5 ||     5
         Dagger            |       |    85 ||    85
   Cast: Blink             |       |     1 ||     1
 Invoke: Heroism           |       |     4 ||     4
    Use: Scroll            |       |     1 ||     1
 Armour: Leather armour    |    15 |       ||    15
         Ring mail         |    60 |   185 ||   245
  Dodge: Dodged            |    44 |    91 ||   135
